[Event "Team 45 45 League T79"]
[Site "Internet Chess Club"]
[Date "2019.01.29"]
[Round "5"]
[White "fledermaus"]
[Black "Percival"]
[Result "1/2-1/2"]
[WhiteElo "1808"]
[BlackElo "1952"]
[Opening "QGD Slav: Dutch variation"]
[ECO "D18"]
[Time "06:08:40"]
[TimeControl "2700+45"]

1. Nf3 d5 2. d4 Nf6 3. c4 c6 4. Nc3 dxc4 5. a4 Bf5 6. e3 e6 7. Bxc4 Bb4 8. Ne5
Nbd7 9. Nxd7 Qxd7 10. Qb3 a5 11. f3 Bg6 12. O-O O-O 13. Rd1 c5 14. d5 exd5 15.
Nxd5 Nxd5 16. Rxd5 Qc7 17. e4 Kh8 18. Be3 f6 19. Rad1 Be8 20. g3 Bc6 21. Bf4 Qc8
22. Rd6 Qe8 23. Ra1 Rd8 24. Qd3 g5 {Game drawn by mutual agreement} 1/2-1/2

[Event "Team 45 45 League T79"]
[Site "Internet Chess Club"]
[Date "2019.01.25"]
[Round "5"]
[White "Knight77"]
[Black "LookImYourVader"]
[Result "1-0"]
[WhiteElo "1795"]
[BlackElo "1834"]
[Opening "Réti: King's Indian attack (Barcza system)"]
[ECO "A07"]
[Time "15:31:32"]
[TimeControl "2700+45"]

1. Nf3 d5 2. g3 Nf6 3. Bg2 Bg4 4. O-O Nbd7 5. d3 c6 6. Nbd2 e5 7. e4 dxe4 8.
Nxe4 Nxe4 9. dxe4 Qc7 10. Qe2 Bc5 11. Rd1 O-O 12. Be3 Qb6 13. c3 Bxe3 14. fxe3
Nc5 15. h3 Bxf3 16. Bxf3 Rfd8 17. b3 Rxd1+ 18. Rxd1 Rd8 19. Kf2 Kf8 20. b4 Ne6
21. h4 Rxd1 22. Qxd1 Qd8 23. Qc2 c5 24. Bg4 Qf6+ 25. Ke2 Qg6 26. Bxe6 Qxe6 27.
bxc5 Qc4+ 28. Qd3 Qxa2+ 29. Kf3 Qe6 30. Qd8+ Qe8 31. Qc7 b6 32. c6 f5 33. Qd6+
Qe7 34. Qb8+ Kf7 35. c7 fxe4+ 36. Kxe4 Qe6 {Black resigns} 1-0

[Event "Team 45 45 League T79"]
[Site "Internet Chess Club"]
[Date "2019.01.26"]
[Round "5"]
[White "Manas"]
[Black "Covenanteer"]
[Result "1-0"]
[WhiteElo "1745"]
[BlackElo "1581"]
[Opening "Sicilian"]
[ECO "B56"]
[Time "06:44:26"]
[TimeControl "2700+45"]

1. e4 c5 2. Nf3 Nc6 3. d4 cxd4 4. Nxd4 Nf6 5. Nc3 d6 6. h3 g6 7. Be3 a6 8. g4
Bd7 9. g5 Nh5 10. Be2 Ng7 11. h4 e5 12. Nb3 Be7 13. Nd5 O-O 14. Bb6 Qc8 15. Qd2
Bd8 16. Nf6+ Kh8 17. Be3 Ne8 18. Nxd7 Qxd7 19. h5 b5 20. O-O-O Qb7 21. hxg6 fxg6
22. Rh6 Rc8 23. Rdh1 Rf7 24. Rxg6 Ne7 25. Rgh6 Ng8 26. R6h3 Rg7 27. f4 exf4 28.
Bd4 Ngf6 29. gxf6 Nxf6 30. Bg4 Rxg4 31. Rxh7+ Qxh7 32. Rxh7+ Kxh7 33. Qh2+ Kg6
34. Qh8 Nxe4 35. Qe8+ Kg5 36. Qxe4 Rc4 37. Qd5+ Kh4 38. Bf2+ Rg3 39. Nd2 Bg5 40.
Nf3+ Kg4 41. Nxg5 Rc5 42. Bxc5 dxc5 43. Qxc5 Kh4 44. Ne4 Rg2 45. Qe7+ Kg4 46.
Qe6+ Kf3 47. c3 Re2 48. Nd2+ Kf2 49. Qh3 Re1+ 50. Kc2 Re2 51. Qf3+ {Black
resigns} 1-0

[Event "Team 45 45 League T79"]
[Site "Internet Chess Club"]
[Date "2019.01.27"]
[Round "5"]
[White "President"]
[Black "SuperPuzzler"]
[Result "0-1"]
[WhiteElo "1578"]
[BlackElo "1796"]
[Opening "Nimzovich-Larsen attack: classical variation"]
[ECO "A01"]
[Time "01:00:27"]
[TimeControl "2700+45"]

1. b3 d5 2. Bb2 Nc6 3. e3 e5 4. Bb5 Bd6 5. Na3 a6 6. Bxc6+ bxc6 7. Nf3 Qe7 8.
Qc1 Nf6 9. c4 O-O 10. Nc2 e4 11. Nfd4 Ng4 12. h3 Ne5 13. O-O c5 14. Ne2 Nf3+ 15.
gxf3 Qg5+ 16. Ng3 Bxg3 17. fxg3 Qxg3+ 18. Kh1 Qxh3+ 19. Kg1 Qg3+ 20. Kh1 Rd8 21.
Qe1 Qh3+ 22. Kg1 Rd6 23. Rf2 Rg6+ {White resigns} 0-1

[Event "Team 45 45 League T79"]
[Site "Internet Chess Club"]
[Date "2019.01.27"]
[Round "5"]
[White "primerpaso"]
[Black "fishhead"]
[Result "1-0"]
[WhiteElo "1853"]
[BlackElo "1777"]
[Opening "English opening"]
[ECO "A16"]
[Time "18:01:03"]
[TimeControl "2700+45"]

1. c4 Nf6 2. Nc3 g6 3. g3 d6 4. Bg2 Bg7 5. e4 c6 6. Nge2 Qc7 7. O-O Nbd7 8. d4
O-O 9. h3 e5 10. Be3 h6 11. Rc1 a6 12. f4 c5 13. Nd5 Nxd5 14. cxd5 exd4 15. Bxd4
Bxd4+ 16. Qxd4 Qa5 17. Qc3 Qxc3 18. Rxc3 f6 19. Rd1 b5 20. b4 Re8 21. bxc5 dxc5
22. Bf3 c4 23. Kg2 Nc5 24. Re3 Bb7 25. e5 Rad8 26. Nc3 b4 27. Ne4 Nxe4 28. Bxe4
f5 29. Bf3 c3 30. d6 Bxf3+ 31. Kxf3 Kf7 32. Ke2 Ke6 33. Rd4 a5 34. Kd3 Rd7 35.
Rc4 Kd5 36. Re1 Re6 37. a3 Rb7 38. axb4 axb4 39. Rb1 g5 40. Rbxb4 {Black
resigns} 1-0

[Event "Team 45 45 League T79"]
[Site "Internet Chess Club"]
[Date "2019.01.27"]
[Round "5"]
[White "room-matt"]
[Black "Portola"]
[Result "1/2-1/2"]
[WhiteElo "1800"]
[BlackElo "1771"]
[Opening "French: Rubinstein variation"]
[ECO "C10"]
[Time "14:01:00"]
[TimeControl "2700+45"]

1. e4 e6 2. d4 d5 3. Nc3 dxe4 4. Nxe4 Be7 5. Nf3 Nd7 6. Bd3 Ngf6 7. O-O O-O 8.
c3 b6 9. Qe2 Bb7 10. Bf4 c5 11. dxc5 Nxe4 12. Bxe4 Bxe4 13. Qxe4 Nxc5 14. Qe3
Qc8 15. Rad1 Rd8 16. Rfe1 Qb7 17. c4 a5 18. b3 Na6 19. Qe2 Nc5 20. Be5 Nd7 21.
Bc3 Nf6 22. Qe5 Rxd1 23. Rxd1 Rd8 24. Rxd8+ Bxd8 25. Nd2 Bc7 26. Qg5 h6 27. Qh4
e5 28. Nf3 Qb8 29. g4 Ne4 30. Bb2 f6 31. Qh5 Qd8 32. Kg2 Qa8 33. Bc1 Ng5 34.
Bxg5 fxg5 35. Qg6 e4 36. Qe6+ Kh8 37. Nd4 e3+ 38. f3 Bf4 39. Qxb6 Qe8 40. Ne2
Qe5 41. h4 Qb2 42. Qd8+ Kh7 43. Qd3+ Kg8 44. hxg5 hxg5 45. a4 Qd2 46. Qd5+ Kh7
47. Kf1 Qb2 48. Qxa5 Qxb3 49. Qf5+ Kh8 50. Nxf4 Qd1+ 51. Kg2 gxf4 52. Qxf4 Qe2+
53. Kh3 Qf1+ 54. Kh4 Qh1+ 55. Kg3 Qg1+ 56. Kh4 Qh1+ 57. Kg3 e2 58. Qf8+ Kh7 59.
Qf5+ Kh8 60. Qf8+ Kh7 61. Qf5+ Kh8 62. Qf8+ Kh7 63. Qf5+ Kh8 {Game drawn by
repetition} 1/2-1/2

[Event "Team 45 45 League T79"]
[Site "Internet Chess Club"]
[Date "2019.01.27"]
[Round "5"]
[White "kabindra"]
[Black "Goli"]
[Result "1-0"]
[WhiteElo "1615"]
[BlackElo "1678"]
[Opening "Robatsch (modern) defense"]
[ECO "B06"]
[Time "11:31:07"]
[TimeControl "2700+45"]

1. e4 g6 2. d4 Bg7 3. Be3 d6 4. Nc3 Nf6 5. Qd2 a6 6. Bh6 O-O 7. h4 e5 8. h5 exd4
9. hxg6 fxg6 10. Bc4+ d5 11. Nxd5 Rf7 12. Nxf6+ Bxf6 13. Bxf7+ Kxf7 14. Nf3 Qe7
15. O-O-O Bg4 16. Ng5+ Kg8 17. f3 Bd7 18. e5 Qxe5 19. Nxh7 Bh8 20. Rde1 Qd5 21.
Qg5 Qxg5+ 22. Bxg5 Nc6 23. Bf6 Kf7 24. Bxh8 Rxh8 25. Ng5+ Kg7 26. Rxh8 Kxh8 27.
Nf7+ Kg7 28. Ne5 Nxe5 29. Rxe5 Bb5 30. Re7+ Kf6 31. Rxc7 d3 32. Rxb7 dxc2 33.
Kxc2 Bf1 34. g3 g5 35. Kd2 Kf5 36. Ke3 {Black resigns} 1-0

[Event "Team 45 45 League T79"]
[Site "Internet Chess Club"]
[Date "2019.01.27"]
[Round "5"]
[White "zap2"]
[Black "QuieroAprender"]
[Result "0-1"]
[WhiteElo "1578"]
[BlackElo "1698"]
[Opening "Réti opening"]
[ECO "A05"]
[Time "11:02:55"]
[TimeControl "2700+45"]

1. Nf3 Nf6 2. g3 b6 3. Bg2 Bb7 4. d3 g6 5. Nbd2 Bg7 6. e4 d6 7. O-O O-O 8. Nh4
c5 9. f4 e5 10. f5 g5 11. Nhf3 g4 12. Nh4 Nc6 13. c3 Ne7 14. Qc2 b5 15. Rd1 a5
16. a4 b4 17. Nf1 Qb6 18. Be3 d5 19. Bf2 d4 20. cxd4 cxd4 21. Nd2 Rfc8 22. Qb3
Rc5 23. Rdc1 Rac8 24. Nc4 Qd8 25. Rc2 Ba6 26. Rac1 Bh6 27. Rd1 Bg5 28. Bf1 Bxh4
29. gxh4 h5 30. Rdc1 Bxc4 31. Rxc4 Rxc4 32. Rxc4 Rxc4 33. Qxc4 Qc8 34. Qxc8+
Nxc8 35. Bg3 Nd7 36. Be2 Ncb6 37. Bd1 f6 38. b3 Nc5 39. Bc2 Nbxa4 40. bxa4 b3
41. Bxb3+ Nxb3 42. Kf1 Nc5 43. Ke2 Nxa4 44. Be1 Nc3+ 45. Bxc3 dxc3 46. Kd1 Kf7
47. Kc2 Ke7 48. Kxc3 Kd6 49. Kc4 Kc6 50. d4 exd4 51. Kxd4 a4 52. e5 fxe5+ 53.
Kxe5 a3 54. Ke6 a2 55. f6 a1=Q 56. f7 Qe1+ 57. Kf6 Qxh4+ 58. Kg7 Qg5+ 59. Kh8
Qh6+ 60. Kg8 h4 61. f8=Q Qxf8+ 62. Kxf8 g3 {White resigns} 0-1

[Event "Team 45 45 League T79"]
[Site "Internet Chess Club"]
[Date "2019.01.26"]
[Round "5"]
[White "primerpaso"]
[Black "Percival"]
[Result "1-0"]
[WhiteElo "1839"]
[BlackElo "1945"]
[Opening "English opening"]
[ECO "A16"]
[Time "20:02:30"]
[TimeControl "2700+45"]

1. c4 Nf6 2. Nc3 c6 3. g3 d5 4. cxd5 cxd5 5. d4 Nc6 6. Bg2 Bf5 7. Nf3 e6 8. O-O
Bd6 9. Bf4 h6 10. Ne5 O-O 11. Nxc6 bxc6 12. Bxd6 Qxd6 13. Na4 Rab8 14. Rc1 Rfc8
15. b3 Nd7 16. Qd2 Qa3 17. Nc5 Nxc5 18. Rxc5 Rb5 19. Rfc1 Rxc5 20. Rxc5 e5 21.
Ra5 Qe7 22. e4 Bxe4 23. Bxe4 dxe4 24. Rxe5 Qa3 25. Rxe4 Rd8 26. Qc2 Qd6 27. Qc4
Rd7 28. Re8+ Kh7 29. Rc8 Qxd4 30. Qxd4 Rxd4 31. Rxc6 Rd7 32. Kf1 Re7 33. b4 Rb7
34. Rc4 Kg6 35. Ke2 a5 36. a3 axb4 37. axb4 Kf5 38. Kd3 Ke5 39. Rc5+ Kd6 40. Kc4
Re7 41. Kb5 Re2 42. Rf5 f6 43. Kb6 Rb2 44. b5 Kd7 45. h4 Ke6 46. Rf3 Kd5 47.
Rf5+ Ke4 48. Rf4+ Ke5 49. h5 f5 50. Kc5 Rc2+ 51. Rc4 Rxf2 52. b6 Rb2 53. Kc6 Kf6
54. Kc7 Kg5 55. b7 Kxh5 56. Rh4+ Kg5 57. b8=Q Rxb8 58. Kxb8 h5 59. Kc7 Kh6 60.
Kd6 g5 61. Rh1 f4 62. gxf4 g4 63. Ke5 Kg6 64. f5+ Kg5 65. f6 g3 66. f7 {Black
resigns} 1-0

[Event "Team 45 45 League T79"]
[Site "Internet Chess Club"]
[Date "2019.01.27"]
[Round "5"]
[White "Merciful"]
[Black "Portola"]
[Result "1-0"]
[WhiteElo "1991"]
[BlackElo "1769"]
[Opening "Réti: King's Indian attack (Barcza system)"]
[ECO "A07"]
[Time "09:02:52"]
[TimeControl "2700+45"]

1. Nf3 d5 2. g3 c6 3. Bg2 Bg4 4. O-O Nd7 5. d3 Ngf6 6. Nbd2 e6 7. Qe1 Bc5 8. e4
dxe4 9. dxe4 Qe7 10. e5 Nd5 11. Ne4 Bxf3 12. Bxf3 Nxe5 13. Bg2 Nd7 14. Nxc5 Qxc5
15. Qe2 O-O 16. c4 N5f6 17. Be3 Qe7 18. a3 Rfd8 19. b4 a6 20. Rfb1 Qf8 21. a4 h6
22. a5 Qe8 23. g4 Qf8 24. h4 Ne8 25. g5 hxg5 26. hxg5 Nd6 27. Ra3 Nf5 28. Bf4
Nd4 29. Qg4 g6 30. Bc7 Rdc8 31. Bh2 Nf5 32. Rd3 Qe8 33. Rh3 Qe7 34. Rd1 Rd8 35.
Bd6 Qxd6 36. Rxd6 Nxd6 37. Qd4 {Black resigns} 1-0

[Event "Team 45 45 League T79"]
[Site "Internet Chess Club"]
[Date "2019.01.23"]
[Round "5"]
[White "VictorRed"]
[Black "gnat"]
[Result "0-1"]
[WhiteElo "1708"]
[BlackElo "2022"]
[Opening "Queen's pawn game"]
[ECO "A46"]
[Time "23:01:52"]
[TimeControl "2700+45"]

1. d4 Nf6 2. Nf3 d6 3. Nc3 a6 4. e4 Nc6 5. h3 g6 6. Bc4 Bg7 7. Be3 O-O 8. O-O b5
9. Bd3 e5 10. d5 Ne7 11. Qd2 Ne8 12. Nh2 f5 13. Bh6 f4 14. Bxg7 Kxg7 15. f3 g5
16. Nd1 Ng6 17. Nf2 h5 18. c4 bxc4 19. Bxc4 Nf6 20. Qe2 Bb7 21. Rac1 Qb8 22. Rc3
Rf7 23. Rb3 Qa7 24. Kh1 Nf8 25. Rc1 N8d7 26. Rbc3 a5 27. a3 a4 28. Nd3 Nb6 29.
Bb5 Ba6 30. Nb4 Bxb5 31. Qxb5 Rg8 32. Nc6 Qa8 33. Nb4 Qa7 34. Na6 Ne8 35. Nf1
Kh6 36. Nd2 g4 37. fxg4 hxg4 38. hxg4 Rh7 39. Rh3+ Kg6 40. Nf3 Rgh8 41. Ng1 f3
42. Nxf3 Rxh3+ 43. gxh3 Rxh3+ 44. Kg2 Rh8 45. Kg3 Na8 46. Rf1 Qe3 47. Qd7 Qf4+
48. Kg2 Qxe4 49. Qe6+ Nf6 50. Qf5+ Qxf5 51. gxf5+ Kxf5 52. Nd2+ Kg6 53. Nb4 Nb6
54. Rf3 Nfxd5 55. Rg3+ Kf7 56. Nxd5 Nxd5 57. Ne4 Nf4+ 58. Kf3 Rb8 59. Ng5+ Ke7
{White resigns} 0-1

[Event "Team 45 45 League T79"]
[Site "Internet Chess Club"]
[Date "2019.01.25"]
[Round "5"]
[White "Manon"]
[Black "Knight77"]
[Result "1-0"]
[WhiteElo "2076"]
[BlackElo "1775"]
[Opening "Réti opening"]
[ECO "A05"]
[Time "06:33:42"]
[TimeControl "2700+45"]

1. Nf3 Nf6 2. g3 d6 3. Bg2 g6 4. O-O Bg7 5. d4 O-O 6. b3 Nbd7 7. Bb2 e5 8. dxe5
Ng4 9. c4 Ndxe5 10. Nxe5 Nxe5 11. Qd2 Re8 12. f4 Ng4 13. Bxg7 Kxg7 14. e4 c6 15.
Qc3+ Qf6 16. Rd1 Re6 17. Qxf6+ Nxf6 18. Nc3 Ne8 19. f5 Re7 20. g4 f6 21. h4 h6
22. Rd2 b6 23. Rad1 Bb7 24. fxg6 Kxg6 25. Ne2 c5 26. Nf4+ Kf7 27. Nd5 Bxd5 28.
cxd5 Nc7 29. Rf1 Kg7 30. Rdf2 Rf7 31. e5 Raf8 32. e6 Re7 33. g5 Ne8 34. Be4 a5
35. Rg2 fxg5 36. Rxf8 Kxf8 37. hxg5 hxg5 38. Rxg5 Nf6 39. Bg2 Rg7 40. Rxg7 Kxg7
41. Kf2 Ng4+ 42. Kg3 Ne5 43. Bf1 Kf6 44. Kf4 Ng6+ 45. Ke4 Ne7 46. Bb5 Nf5 47.
Bc6 Ne7 48. Be8 Nf5 49. Bd7 Ne7 50. a4 Kg5 51. Bc6 Kf6 52. Kd3 Nxc6 53. dxc6
Kxe6 54. Kc4 d5+ 55. Kb5 d4 56. Kxb6 d3 57. c7 {Black resigns} 1-0

[Event "Team 45 45 League T79"]
[Site "Internet Chess Club"]
[Date "2019.01.27"]
[Round "5"]
[White "achessman"]
[Black "Monterrey"]
[Result "1/2-1/2"]
[WhiteElo "1891"]
[BlackElo "1924"]
[Opening "King's Indian: fianchetto, Panno variation"]
[ECO "E63"]
[Time "21:06:53"]
[TimeControl "2700+45"]

1. Nf3 Nf6 2. g3 g6 3. Bg2 Bg7 4. O-O O-O 5. c4 d6 6. Nc3 a6 7. d4 Nc6 8. b3 Rb8
9. a4 e5 10. e3 Qe7 11. Bb2 e4 12. Nd2 Bf5 13. Re1 Nb4 14. Bf1 c6 15. Ba3 a5 16.
Na2 c5 17. Nxb4 axb4 18. Bb2 h5 19. h4 Ng4 20. Bg2 Rfe8 21. Qb1 Bh6 {Game drawn
by mutual agreement} 1/2-1/2

[Event "Team 45 45 League T79"]
[Site "Internet Chess Club"]
[Date "2019.01.26"]
[Round "5"]
[White "laurenpar"]
[Black "ArturitoGalacti"]
[Result "0-1"]
[WhiteElo "1856"]
[BlackElo "1918"]
[Opening "Nimzovich-Larsen attack"]
[ECO "A01"]
[Time "20:01:35"]
[TimeControl "2700+45"]

1. b3 e6 2. Bb2 f5 3. e4 Nf6 4. exf5 exf5 5. Nf3 Be7 6. Be2 O-O 7. O-O Nc6 8.
Re1 d5 9. d4 Ne4 10. a3 Be6 11. b4 a6 12. Nbd2 g5 13. Nb3 g4 14. Nfd2 Bf6 15. f3
Nxd2 16. Qxd2 g3 17. hxg3 Qd6 18. Bd3 b6 19. Qf4 Qd7 20. Re2 Rae8 21. Bxa6 Qg7
22. Qd2 Qxg3 23. Qe1 Qd6 24. Qf2 Bd7 25. Rae1 Rxe2 26. Rxe2 Rf7 27. f4 Rg7 28.
Nc1 Rg4 29. Nd3 Nb8 30. Bc8 Bh4 31. Qf3 Kg7 32. Ne5 Bxc8 33. Nxg4 fxg4 34. Qe3
Nc6 35. g3 Bf6 36. c3 Bf5 37. Qe8 Be4 38. Bc1 Ne7 39. Rh2 Nf5 40. Kf2 Ne7 41.
Qh5 Qe6 42. f5 Bxf5 43. Bh6+ Kh8 44. Qe8+ Ng8 45. Qf8 Qe4 46. Bf4 Qf3+ 47. Kg1
Qxc3 48. Be5 Qe1+ 49. Kg2 Be4# {White checkmated} 0-1

[Event "Team 45 45 League T79"]
[Site "Internet Chess Club"]
[Date "2019.01.26"]
[Round "5"]
[White "Ajolote"]
[Black "LookImYourVader"]
[Result "0-1"]
[WhiteElo "1889"]
[BlackElo "1853"]
[Opening "Scandinavian: Marshall variation"]
[ECO "B01"]
[Time "16:02:14"]
[TimeControl "2700+45"]

1. e4 d5 2. exd5 Nf6 3. d4 Nxd5 4. Nf3 g6 5. Be2 Bg7 6. O-O O-O 7. Re1 Bg4 8. c3
Nd7 9. h3 Bxf3 10. Bxf3 c6 11. Na3 e5 12. c4 N5b6 13. d5 cxd5 14. Bxd5 Nxd5 15.
Qxd5 Qc7 16. Nb5 Qc6 17. Be3 Nb6 18. Qxc6 bxc6 19. Nd6 Rfd8 20. Rad1 Bf8 21. c5
Nd5 22. Nb7 Rdb8 23. Na5 Rxb2 24. Nxc6 Nxe3 25. Rxe3 Bxc5 26. Rxe5 Bxf2+ 27. Kf1
Bb6 28. a4 Rf2+ 29. Ke1 Rxg2 30. Rd7 Rc2 31. Nb4 Rc4 32. Nd5 Rxa4 33. Nf6+ Kg7
34. Ne8+ Kf8 35. Nd6 Rf4 36. Kd2 Rd4+ 37. Kc3 Rxd6 38. Rxd6 Bc7 39. Rdd5 Bxe5+
40. Rxe5 Rc8+ 41. Kd4 Ra8 42. Ra5 Kg7 43. Ke4 h5 44. Kf4 a6 45. h4 Ra7 46. Kf3
f6 47. Kf4 Kh6 48. Kg3 g5 49. hxg5+ fxg5 50. Kh3 Kg6 51. Kg3 Ra8 52. Kh3 Kf6 53.
Kg3 Re8 54. Rxa6+ Re6 55. Ra5 h4+ 56. Kf3 Kg6 57. Ra8 Rf6+ 58. Kg2 Kh5 59. Ra3
Rb6 60. Ra5 Rb3 61. Ra2 h3+ 62. Kh2 Kh4 63. Ra4+ g4 64. Rc4 Rb2+ 65. Kh1 Re2 66.
Ra4 Kg3 67. Ra3+ Kf2 68. Kh2 Re3 69. Ra2+ Kf3 70. Ra8 Re2+ 71. Kg1 h2+ 72. Kh1
Re1+ {White resigns} 0-1

[Event "Team 45 45 League T79"]
[Site "Internet Chess Club"]
[Date "2019.01.26"]
[Round "5"]
[White "Portola"]
[Black "calsal"]
[Result "0-1"]
[WhiteElo "1776"]
[BlackElo "1864"]
[Opening "Queen's pawn game"]
[ECO "A45"]
[Time "15:07:08"]
[TimeControl "2700+45"]

1. d4 Nf6 2. c3 g6 3. Bg5 Bg7 4. Nd2 d5 5. e3 O-O 6. Ngf3 Nbd7 7. Bd3 Re8 8. O-O
e5 9. dxe5 Nxe5 10. Nxe5 Rxe5 11. Bf4 Re7 12. Qc2 c5 13. c4 b6 14. Bg5 Bb7 15.
Nf3 h6 16. Bxf6 Bxf6 17. Rfe1 d4 18. e4 Qd6 19. Re2 Rae8 20. Rae1 Bc8 21. Qd2
Kg7 22. h3 h5 23. Ng5 Be5 24. Nf3 Bf4 25. Qc2 Qf6 26. Kh1 g5 27. Nh2 Bd6 28. f3
Qf4 29. Nf1 Qh4 30. Rd1 g4 31. g3 Qf6 32. fxg4 Qf3+ 33. Kh2 h4 34. Rg2 Rh8 35.
Be2 hxg3+ 36. Kg1 Qf6 37. Nxg3 Bxg3 38. Rxg3 Qf4 39. Kg2 Rxe4 40. Rf3 Qe5 41.
Bd3 Re3 42. Rxe3 Qxe3 43. Kf1 Rxh3 44. Be4 Qf4+ 45. Kg1 Rg3+ {White forfeits on
time} 0-1

[Event "Team 45 45 League T79"]
[Site "Internet Chess Club"]
[Date "2019.01.27"]
[Round "5"]
[White "julesraider"]
[Black "JWB"]
[Result "1-0"]
[WhiteElo "1608"]
[BlackElo "1584"]
[Opening "Dutch: classical variation"]
[ECO "A96"]
[Time "11:00:29"]
[TimeControl "2700+45"]

1. d4 e6 2. Nf3 f5 3. g3 Nf6 4. Bg2 Be7 5. O-O O-O 6. c4 d6 7. Nc3 a5 8. b3 Ne4
9. Bb2 Nxc3 10. Bxc3 Qe8 11. Qd2 a4 12. b4 Qh5 13. Ne1 Nd7 14. Nd3 Nf6 15. Nf4
Qh6 16. f3 Nh5 17. e3 Nxf4 18. exf4 Bd7 19. Rfe1 g5 20. fxg5 Bxg5 21. f4 Bf6 22.
Bxb7 Rad8 23. b5 Rfe8 24. Rad1 Qg7 25. Qf2 Re7 26. Rd2 Rde8 27. Rde2 Kh8 28. Kg2
d5 29. Bc6 dxc4 30. Qe3 Bxc6+ 31. bxc6 Rd8 32. Rd1 h5 33. Rb2 h4 34. Qe2 hxg3
35. Qh5+ Kg8 36. hxg3 Qf8 37. Rh1 Qe8 38. Qxe8+ Rexe8 39. Rb7 Bxd4 40. Bxd4 Rxd4
41. Rxc7 Rd2+ 42. Kf3 Rd3+ 43. Ke2 Rxg3 44. Rch7 Kf8 45. c7 Rg7 46. Rh8+ Rg8 47.
R1h7 e5 48. Rxg8+ Kxg8 49. Rd7 exf4+ 50. Kf2 c3 51. Rd8 Rxd8 52. cxd8=Q+ Kg7 53.
Qc7+ Kg6 54. Kf3 {Black resigns} 1-0

[Event "Team 45 45 League T79"]
[Site "Internet Chess Club"]
[Date "2019.01.25"]
[Round "5"]
[White "rubo"]
[Black "MathBandit"]
[Result "1-0"]
[WhiteElo "1571"]
[BlackElo "1529"]
[Opening "Queen's pawn, Mason variation"]
[ECO "D00"]
[Time "20:00:33"]
[TimeControl "2700+45"]

1. d4 d5 2. Bf4 Nf6 3. e3 c5 4. c3 Nc6 5. Nd2 Bg4 6. Ngf3 e6 7. Bd3 Qb6 8. Qb3
Qxb3 9. axb3 Nh5 10. Bg3 Nxg3 11. hxg3 cxd4 12. exd4 Be7 13. Bb5 a6 14. Ne5 O-O
15. Bxc6 Bf5 16. Bxb7 Ra7 17. Bc6 f6 18. Nef3 Rc8 19. Bb5 Rca8 20. Be2 Bd6 21.
Nh4 Bc2 22. O-O g5 23. Nhf3 h6 24. b4 e5 25. dxe5 fxe5 26. Ne1 Bg6 27. Nb3 Rf7
28. Nd3 Raf8 29. Rxa6 {Black resigns} 1-0

[Event "Team 45 45 League T79"]
[Site "Internet Chess Club"]
[Date "2019.01.24"]
[Round "5"]
[White "Chess4Him"]
[Black "nosir"]
[Result "1-0"]
[WhiteElo "1524"]
[BlackElo "1422"]
[Opening "Queen's pawn: London system"]
[ECO "A45"]
[Time "21:00:27"]
[TimeControl "2700+45"]

1. d4 Nf6 2. Bf4 d6 3. e3 g6 4. Nf3 Nh5 5. Bg5 h6 6. Bh4 Bg4 7. h3 Bxf3 8. Qxf3
c6 9. Nc3 Nd7 10. Bd3 Bg7 11. g4 Nhf6 12. Ne2 Qa5+ 13. c3 g5 14. Bg3 O-O-O 15.
Bc4 Rdf8 16. b4 Qd8 17. a4 e5 18. dxe5 Nxe5 19. Bxe5 dxe5 20. Qf5+ Nd7 21. Rd1
Qe7 22. Ng3 Rd8 23. Ne4 Rhf8 24. O-O Kc7 25. Rd3 Nf6 26. Rfd1 Nxe4 27. Rxd8 Rxd8
28. Rxd8 Kxd8 29. Qxe4 f6 30. Bd3 Qe8 31. Qf3 Qe7 32. Bf5 Qd6 33. Qe2 a6 34. Qc4
Qd5 35. Qe4 Qxe4 36. Bxe4 Bf8 37. Kf1 Ke7 38. Ke2 Kd6 39. Kd3 b6 40. Kc4 Kc7 41.
Bg6 Kd7 42. b5 a5 43. bxc6+ Kxc6 44. Be8+ Kd6 45. Kb5 Kc7 46. Bg6 Bc5 47. Kc4
Kd6 48. Bf5 Kc6 49. Be4+ Kd6 50. Kb5 Kc7 51. Kc4 Kd6 52. Bg6 Ba3 53. f3 Bc1 54.
e4 Be3 55. Kb5 Bc5 56. c4 Be3 57. Bf7 Bf2 58. Ka6 Bc5 59. Kb7 Be3 60. Kc8 Bc5
61. Kd8 Kc6 62. Bd5+ Kd6 63. Ke8 Kc7 64. Kf7 Kd8 65. Kxf6 Kc8 66. Kxe5 Kd7 67.
Kf5 Be7 68. Kg6 Bf8 69. Kf7 Be7 70. Kg7 Kd6 71. Kxh6 Ke5 72. Kg6 Kf4 73. Kf7 Bd6
74. Ke6 Bc5 75. Kf6 Bd6 76. Ke6 Be5 77. Bc6 Bb2 78. Kd6 Be5+ 79. Kd5 Bc3 80. Ke6
Kxf3 81. Kf5 Bd2 82. e5+ Kg3 83. e6 Bb4 84. Kxg5 Kxh3 85. Kf5 Be7 86. g5 Kh4 87.
g6 {Black resigns} 1-0

[Event "Team 45 45 League T79"]
[Site "Internet Chess Club"]
[Date "2019.01.26"]
[Round "5"]
[White "Packerfan"]
[Black "kidcobra"]
[Result "0-1"]
[WhiteElo "1682"]
[BlackElo "1803"]
[Opening "Two knights defense"]
[ECO "C56"]
[Time "16:01:48"]
[TimeControl "2700+45"]

1. e4 e5 2. Nf3 Nc6 3. Bc4 Nf6 4. d4 exd4 5. O-O Nxe4 6. Re1 d5 7. Bxd5 Qxd5 8.
Nc3 Qa5 9. Nxe4 Be6 10. Neg5 O-O-O 11. Nxe6 fxe6 12. Rxe6 Bd6 13. Re4 Rhe8 14.
Qe2 Qh5 15. Bd2 Bxh2+ 16. Kf1 Bd6 17. Ng1 Qxe2+ 18. Rxe2 Rxe2 19. Kxe2 Re8+ 20.
Kd3 Bc5 21. a3 Ne5+ 22. Ke2 Nc4+ 23. Kd3 Nxb2# {White checkmated} 0-1

[Event "Team 45 45 League T79"]
[Site "Internet Chess Club"]
[Date "2019.01.26"]
[Round "5"]
[White "idjit"]
[Black "Gojira"]
[Result "1-0"]
[WhiteElo "1612"]
[BlackElo "1644"]
[Opening "Sicilian: Grand Prix attack"]
[ECO "B23"]
[Time "15:01:14"]
[TimeControl "2700+45"]

1. e4 c5 2. Nc3 Nc6 3. f4 g6 4. Nf3 Bg7 5. Bb5 Nd4 6. O-O Nxb5 7. Nxb5 a6 8. Nc3
e6 9. d4 cxd4 10. Nxd4 Qb6 11. Be3 Qxb2 12. Nce2 Qa3 13. Rf3 Ne7 14. Nxe6 Bxa1
15. Qxa1 dxe6 16. Qxh8+ Kd7 17. Bb6 Qd6 18. Qd8+ Kc6 19. Rc3+ {Black resigns}
1-0

[Event "Team 45 45 League T79"]
[Site "Internet Chess Club"]
[Date "2019.01.28"]
[Round "5"]
[White "clarinetref"]
[Black "bennywins"]
[Result "0-1"]
[WhiteElo "1463"]
[BlackElo "1692"]
[Opening "Réti: King's Indian attack"]
[ECO "A08"]
[Time "20:06:43"]
[TimeControl "2700+45"]

1. Nf3 d5 2. g3 c5 3. Bg2 Nc6 4. e3 e5 5. d4 e4 6. Nfd2 cxd4 7. exd4 Nxd4 8.
Nxe4 dxe4 9. Be3 Nc6 10. Qxd8+ Nxd8 11. Bxe4 Nf6 12. Bg2 Bf5 13. c3 Be7 14. Nd2
O-O 15. O-O Nc6 16. Rfe1 Rad8 17. Nb3 Nd5 18. Bc5 Bxc5 19. Nxc5 Bc8 20. a3 Nf6
21. Nb3 Rd6 22. a4 b6 23. Bxc6 Rxc6 24. Nd4 Rd6 25. a5 Re8 26. Rxe8+ Nxe8 27.
Nb5 Re6 28. Nxa7 Ba6 29. b4 b5 30. Rd1 Kf8 31. Kf1 Ke7 32. Re1 Rxe1+ 33. Kxe1
Kd7 34. Kd2 Nd6 35. Kd3 Kc7 36. Kd4 Nb7 37. Kd5 Nd8 38. Kc5 Kb7 39. Nxb5 Ne6+
40. Kc4 Kc6 41. f4 Bxb5+ 42. Kb3 Kd5 43. f5 Ng5 44. a6 Bxa6 45. Ka4 Kc4 46. Ka5
Kxc3 47. b5 Bc8 48. Kb6 Bxf5 49. Kc7 Kc4 50. b6 Be4 51. b7 Bxb7 52. Kxb7 Kd4
{White resigns} 0-1

[Event "Team 45 45 League T79"]
[Site "Internet Chess Club"]
[Date "2019.01.27"]
[Round "5"]
[White "chesskix"]
[Black "Electryon"]
[Result "1/2-1/2"]
[WhiteElo "1398"]
[BlackElo "1426"]
[Opening "English opening"]
[ECO "A17"]
[Time "13:01:19"]
[TimeControl "2700+45"]

1. c4 Nf6 2. Nc3 e6 3. Nf3 d5 4. cxd5 exd5 5. d4 c6 6. Bg5 Be7 7. g3 h6 8. Bd2
Bf5 9. Bg2 Nbd7 10. O-O O-O 11. Nh4 Bh7 12. a3 Ne8 13. Nf3 Nd6 14. Na4 Ne4 15.
Bb4 Re8 16. Bxe7 Qxe7 17. Rc1 Ng5 18. e3 Be4 19. Nxg5 Bxg2 20. Kxg2 Qxg5 21. Nc5
Nxc5 22. Rxc5 Re4 23. Qc1 h5 24. f4 Qf5 25. h4 Qg4 26. Rf3 Rae8 27. b4 a6 28. a4
Qe6 29. Rc3 Qd6 30. Rc5 Qe6 31. Rc3 Qd6 32. Rc5 Qe6 {Game drawn by repetition}
1/2-1/2